 Dungeon Sprint DCSS version 0.21-a0-265-gb353147 (webtiles) character file.

6493 Kidiri the Eclecticist (level 10, -8/59 HPs)
             Began as a Deep Elf Fire Elementalist on Sept 10, 2017.
             Was the Champion of Vehumet.
             Mangled by a spiny frog (22 damage)
             ... in the Dungeon (Sprint III: "The Ten Rune Challenge").
             The game lasted 00:13:17 (1791 turns).

Kidiri the Eclecticist (Deep Elf Fire Elementalist) Turns: 1791, Time: 00:13:18

Health: -8/59      AC:  5    Str:  7    XL:     10   Next: 68%
Magic:  23/34      EV: 17    Int: 24    God:    Vehumet [******]
Gold:   42         SH:  0    Dex: 15    Spells: 23/46 levels left

rFire    . . .     SeeInvis .   u - +0 dagger
rCold    . . .     Gourm    .   (no shield)
rNeg     + . .     Faith    .   b - +0 robe {rN+}
rPois    .         Spirit   .   (helmet restricted)
rElec    .         Reflect  .   m - +0 cloak
rCorr    .         Harm     .   (no gloves)
MR       +....     Clarity  +   (no boots) Stlth +.........NoTele +
                                (no amulet)
HPRegen  0.19/turn              (no ring)
MPRegen  0.24/turn              (no ring)

@: lethally poisoned (-8 -> -18), very slow
A: horns 1, icy blue scales 1, clarity, strong 1
a: Renounce Religion


You were in the Dungeon.
You worshipped Vehumet.
Vehumet was exalted by your worship.
You were hungry.

You visited 1 branch You collected 42 gold pieces.

Inventory:

Hand Weapons
 a - a +0 dagger
 u - a +0 dagger (weapon)
Armour
 b - a +0 robe of positive energy (worn)
 m - a +0 cloak (worn)
Scrolls
 j - 3 scrolls of remove curse
 o - a scroll of immolation
Potions
 d - 2 potions of curing
 e - a potion of heal wounds
 f - 3 potions of haste
 g - 2 potions of magic
 h - a potion of berserk rage
 l - a potion of brilliance
 n - a potion of mutation
 r - a potion of flight
 s - a potion of degeneration {unknown}
Comestibles
 c - 2 bread rations
 q - 31 royal jellies


   Skills:
 + Level 5.0 Fighting
 + Level 6.2 Short Blades
 + Level 4.9 Armour
 + Level 7.8 Dodging
 - Level 2.4 Stealth
 * Level 18.8 Spellcasting
 + Level 11.8 Conjurations
 + Level 12.1 Fire Magic
 + Level 4.8 Air Magic
 + Level 5.3 Poison Magic


You had 23 spell levels left.
You knew the following spells:

 Your Spells              Type           Power        Failure   Level  Hunger
a - Flame Tongue          Conj/Fire      #####        0%          1    None
b - Throw Flame           Conj/Fire      ######       0%          2    None
c - Conjure Flame         Conj/Fire      ######..     1%          3    None
d - Inner Flame           Hex/Fire       ######..     1%          3    None
e - Sticky Flame          Conj/Fire      ######..     1%          4    None
f - Fireball              Conj/Fire      ######....   1%          5    None
g - Mephitic Cloud        Conj/Pois/Air  ######..     1%          3    None
h - Searing Ray           Conj           ######       1%          2    None


Dungeon Overview and Level Annotations

Branches:
Dungeon (1/1)

Altars:
Cheibriados
Dithmenos
Elyvilon
Fedhas
Gozag
Hepliaklqana
Kikubaaqudgha
Makhleb
Nemelex Xobeh
Okawaru
Qazlal
Ru
Sif Muna
Trog
Uskayaw
Vehumet
Wu Jian
Xom
Yredelemnul
Zin
The Shining One
Beogh
Jiyva
Lugonu

Annotations:
D exclusion: 2 doors


Innate Abilities, Weirdness & Mutations

You have a pair of small horns on your head.
You are partially covered in icy blue scales. (AC +2)
You possess an exceptional clarity of mind.
Your muscles are strong. (Str +2)


Message History

Confirm with . or Enter, or press ? or * to list all spells.
Aiming: Flame Tongue
Press: ? - help, Shift-Dir - straight line, f/p - komodo dragon
Aim: a komodo dragon (flame, severely wounded, covered in liquid flames)
The flame tongue hits the komodo dragon.
The komodo dragon is severely wounded.
You feel sick.
The komodo dragon burns!
The komodo dragon is engulfed in blazing flames.
The komodo dragon bites you.
* * * LOW HITPOINT WARNING * * *
Unknown command.
Unknown command.
You feel sick.
The komodo dragon burns! x2
You kill the komodo dragon!
Vehumet accepts your kill.
You feel your power returning.
Your Fighting skill increases to level 5!
The spiny frog is engulfed in blazing flames.
The spiny frog stings you!!
You die...

.###...'.⌠........#
####...#...######'#
###....#.⌠.#__#...#+#############
##.....#...#__#...#..§§§§§#.'...+
#.)....#+###__#...#.#§§≈#§#.#...#
.#.....#.:.#__#...'.#§§§#§#.#.).#
###....#___#__+...#.#§§.#.§.#...#
▓▓▓▓▓▓▓▓▓▓▓▓▓▓▓▓▓▓▓▓▓▓▓▓▓▓▓▓▓▓#
♣F@≈........≈≈≈...#
♣§♣≈≈≈≈≈≈≈≈≈≈≈≈♣♣P.'
§§♣♣♣♣♣♣♣♣♣♣♣♣♣♣♣♣PP# #§§ ♣♣♣# ##


You could see a spiny frog.

Vanquished Creatures
  Erica (D)
  A centaur warrior (D)
  2 unseen horrors (D)
  A deep elf mage (D)
  A spiny frog (D)
  A komodo dragon (D)
  A queen bee (D)
  3 wandering mushrooms (D)
  A shadow (D)
  A spatial vortex (D)
  A necrophage (D)
  2 centaurs (D)
  An earth elemental (D)
  A water elemental (D)
  31 killer bees (D)
  Crazy Yiuf (D)
  A jelly (D)
  Jessica (D)
  A wizard (D)
  A necromancer (D)
  3 humans (D)
  A kobold demonologist (D)
  An ooze (D)
  2 rats (D)
61 creatures vanquished.

Vanquished Creatures (others)
  2 draconian scorchers (D)
  6 hellions (D)
  A yaktaur (D)
  A killer bee (D)
  4 plants (D)
14 creatures vanquished.

Grand Total: 75 creatures vanquished

Notes
Turn   | Place    | Note
-------+----------+-------------------------------------------
     0 | D        | Kidiri the Deep Elf Fire Elementalist began the quest for the Orb.
     0 | D        | Reached XP level 1. HP: 10/10 MP: 6/6
     9 | D        | Reached skill level 4 in Spellcasting
    64 | D        | Noticed Jessica
    66 | D        | Killed Jessica
    66 | D        | Reached skill level 6 in Spellcasting
    66 | D        | Reached XP level 2. HP: 15/15 MP: 7/11
    66 | D        | Reached XP level 3. HP: 19/19 MP: 7/12
    70 | D        | Learned a level 2 spell: Throw Flame
    81 | D        | Killed a hellion
    84 | D        | Killed a yaktaur
    95 | D        | Killed a hellion
   128 | D        | Learned a level 3 spell: Conjure Flame
   132 | D        | Learned a level 3 spell: Inner Flame
   135 | D        | Killed a white draconian scorcher
   140 | D        | Killed a hellion
   141 | D        | Reached skill level 7 in Spellcasting
   141 | D        | Reached skill level 5 in Fire Magic
   165 | D        | Killed a hellion
   174 | D        | Killed a hellion
   176 | D        | Killed a hellion
   272 | D        | Killed a white draconian scorcher
   293 | D        | Noticed Crazy Yiuf
   296 | D        | Killed Crazy Yiuf
   296 | D        | Reached skill level 8 in Spellcasting
   296 | D        | Reached XP level 4. HP: 24/24 MP: 11/16
   310 | D        | Learned a level 4 spell: Sticky Flame
   326 | D        | Gained mutation: You have a pair of small horns on your head. [potion of mutation]
   326 | D        | Gained mutation: You have sharp toenails. [potion of mutation]
   327 | D        | Lost mutation: You have sharp toenails. [potion of mutation]
   327 | D        | Lost mutation: You have a pair of small horns on your head. [potion of mutation]
   327 | D        | Gained mutation: You are resistant to hostile enchantments. (MR+) [potion of mutation]
   327 | D        | Gained mutation: You are resistant to electric shocks. (rElec) [potion of mutation]
   328 | D        | Lost mutation: You are resistant to hostile enchantments. (MR+) [potion of mutation]
   328 | D        | Lost mutation: You are resistant to electric shocks. (rElec) [potion of mutation]
   328 | D        | Gained mutation: Your muscles are strong. (Str +2) [potion of mutation]
   328 | D        | Gained mutation: You possess an exceptional clarity of mind. [potion of mutation]
   328 | D        | Gained mutation: You are partially covered in icy blue scales. (AC +2) [potion of mutation]
   328 | D        | Gained mutation: You have a pair of small horns on your head. [potion of mutation]
   337 | D        | Noticed a water elemental
   339 | D        | Killed a water elemental
   339 | D        | Reached skill level 9 in Spellcasting
   339 | D        | Reached skill level 5 in Conjurations
   339 | D        | Reached XP level 5. HP: 28/28 MP: 12/19
   347 | D        | Learned a level 5 spell: Fireball
   380 | D        | Found a radiant altar of Vehumet.
   381 | D        | Found a deep blue altar of Sif Muna.
   381 | D        | Found an ancient bone altar of Kikubaaqudgha.
   382 | D        | Reached skill level 10 in Spellcasting
   413 | D        | Became a worshipper of Vehumet
   448 | D        | Found a glowing silver altar of Zin.
   449 | D        | Found a glowing golden altar of the Shining One.
   449 | D        | Found a white marble altar of Elyvilon.
   449 | D        | Noticed a deep elf mage
   452 | D        | Noticed a fire elemental
   452 | D        | Noticed a fire elemental
   457 | D        | Killed a deep elf mage
   457 | D        | Reached skill level 14 in Spellcasting
   457 | D        | Reached XP level 6. HP: 23/32 MP: 18/25
   457 | D        | Reached XP level 7. HP: 26/36 MP: 18/26
   505 | D        | Found an ornate altar of the Wu Jian Council.
   505 | D        | Found a roughly hewn altar of Beogh.
   505 | D        | Found an iron altar of Okawaru.
   505 | D        | Found a bloodstained altar of Trog.
   505 | D        | Found a hide-covered altar of Uskayaw.
   505 | D        | Noticed a human
   508 | D        | Noticed a human
   512 | D        | Killed a human
   515 | D        | Killed a human
   515 | D        | Reached * piety under Vehumet
   515 | D        | Offered knowledge of Magic Dart by Vehumet.
   515 | D        | Reached skill level 15 in Spellcasting
   590 | D        | Found a basalt altar of Yredelemnul.
   590 | D        | Found a shadowy altar of Dithmenos.
   590 | D        | Found a sacrificial altar of Ru.
   596 | D        | Reached skill level 10 in Fire Magic
   665 | D        | Noticed a shadow
   667 | D        | Killed a shadow
   667 | D        | Reached ** piety under Vehumet
   667 | D        | Reached XP level 8. HP: 41/41 MP: 19/29
   667 | D        | Reached skill level 10 in Conjurations
   724 | D        | Found a blossoming altar of Fedhas.
   724 | D        | Found a stormy altar of Qazlal.
   725 | D        | Found a snail-covered altar of Cheibriados.
   725 | D        | Found a burning altar of Makhleb.
   725 | D        | Found a hazy altar of Hepliaklqana.
   725 | D        | Found a shimmering altar of Xom.
   725 | D        | Found an opulent altar of Gozag.
   725 | D        | Found a sparkling altar of Nemelex Xobeh.
   725 | D        | Found a corrupted altar of Lugonu.
   725 | D        | Found a viscous altar of Jiyva.
   741 | D        | Offered knowledge of Searing Ray by Vehumet.
   741 | D        | Reached skill level 1 in Short Blades
   741 | D        | Reached skill level 16 in Spellcasting
   804 | D        | Noticed Erica
   807 | D        | Killed Erica
   876 | D        | Learned a level 2 spell: Searing Ray
  1018 | D        | Offered knowledge of Mephitic Cloud by Vehumet.
  1018 | D        | Reached *** piety under Vehumet
  1018 | D        | Reached XP level 9. HP: 26/49 MP: 19/31
  1023 | D        | Learned a level 3 spell: Mephitic Cloud
  1201 | D        | Noticed a centaur warrior
  1208 | D        | Offered knowledge of Iskenderun's Mystic Blast by Vehumet.
  1215 | D        | Killed a centaur warrior
  1215 | D        | Reached skill level 5 in Dodging
  1215 | D        | Reached skill level 17 in Spellcasting
  1298 | D        | Noticed an unseen horror
  1300 | D        | Killed an unseen horror
  1300 | D        | Reached **** piety under Vehumet
  1301 | D        | Noticed an unseen horror
  1306 | D        | Killed an unseen horror
  1405 | D        | Offered knowledge of Dazzling Spray by Vehumet.
  1407 | D        | Noticed a queen bee
  1409 | D        | Reached XP level 10. HP: 56/56 MP: 30/33
  1409 | D        | Reached ***** piety under Vehumet
  1409 | D        | Reached skill level 5 in Short Blades
  1413 | D        | Reached skill level 18 in Spellcasting
  1413 | D        | Reached ****** piety under Vehumet
  1699 | D        | Offered knowledge of Iskenderun's Battlesphere by Vehumet.
  1728 | D        | Reached skill level 5 in Poison Magic
  1784 | D        | Noticed a spiny frog
  1784 | D        | Noticed a spiny frog
  1787 | D        | Killed a spiny frog
  1791 | D        | Reached skill level 5 in Fighting
  1791 | D        | Mangled by a spiny frog

Vault maps used:
D:        dungeon_sprint_mu

Skill      XL: |  1  2  3  4  5  6  7  8  9 10 |
---------------+-------------------------------+-----
Spellcasting   | 6 8 9 14 15 16 17 18 | 18.8
Conjurations   | 3 4 5 8 9 10 11 | 11.8
Fire Magic     | 4 5 6 9 10 11 12 | 12.1
Short Blades   | 3 4 6 |  6.2
Fighting       | 2 4 5 |  5.0
Armour         | 2 4 |  4.9
Dodging        | 4 6 7 |  7.8
Air Magic      | 3 4 |  4.8
Poison Magic   | 3 5 |  5.3
Stealth        | |  2.4

Action                   |  1- 3 |  4- 6 |  7- 9 | 10-12 || total
-------------------------+-------+-------+-------+-------++-------
Melee: Dagger            |       |     1 |    11 |     1 ||    13
       Headbutt          |       |     1 |     3 |       ||     4
 Cast: Flame Tongue      |    13 |     4 |    35 |    36 ||    88
       Throw Flame       |     1 |       |     1 |     4 ||     6
       Conjure Flame     |       |     1 |     3 |     3 ||     7
       Sticky Flame      |       |     3 |     8 |     6 ||    17
       Inner Flame       |       |       |     3 |     6 ||     9
       Searing Ray       |       |       |     4 |       ||     4
       Fireball          |       |       |     3 |       ||     3
       Mephitic Cloud    |       |       |     2 |     2 ||     4
  Use: Potion            |       |     4 |       |       ||     4
       Scroll            |       |     4 |       |     1 ||     5
 Stab: Sleeping          |       |     1 |       |       ||     1
       Confused          |       |       |     3 |       ||     3
  Eat: Royal jelly       |       |       |     1 |       ||     1
Armor: Robe              |       |     4 |     4 |       ||     8
Dodge: Dodged            |     1 |       |     8 |     4 ||    13

Table legend:
 A = Spawn XP
 B = Non-spawn XP
 C = Spawn XP percentage of total XP
 D = Spawn monster count
 E = Non-spawn monster count
 F = Spawn count percentage of total count
 G = Total turns spent on level
                    A         B        C        D         E        F      G
               +---------+---------+-------+---------+---------+-------+---------
         Total |       0 |    9277 |   0.0 |       0 |      62 |   0.0 |  1791
               +---------+---------+-------+---------+---------+-------+---------
             D |       0 |    9277 |   0.0 |       0 |      62 |   0.0 |  1791
               +---------+---------+-------+---------+---------+-------+---------
